 Dungeon Crawl Stone Soup version 0.18.1-1-g2f07953 (webtiles) character file.

63 imoen the Sneak (level 3, 11/16 HPs)
             Began as a Spriggan Enchanter on May 7, 2016.
             Got out of the dungeon alive.
             The game lasted 00:04:42 (1382 turns).

imoen the Sneak (Spriggan Enchanter)                Turns: 1382, Time: 00:04:42

Health: 11/16      AC:  3    Str:  4    XL:     3   Next: 89%
Magic:  8/8        EV: 18    Int: 17    God:
Gold:   81         SH:  0    Dex: 16    Spells: 3 memorised, 0 levels left

rFire  . . .     SeeInvis +     o - -2 dagger (curse)
rCold  . . .     Gourm    .     b - +1 robe
rNeg   . . .     Faith    .     (shield restricted)
rPois  .         Spirit   .     (helmet restricted)
rElec  .         Dismiss  .     (no cloak)
rCorr  .         Reflect  .     (gloves unavailable)
SustAt .         Harm     .     (boots unavailable)
MR     .....                    (no amulet)
Stlth  +++.......               (no ring)
                                (no ring)

@: very quick, not resistant to hostile enchantments, fairly stealthy
A: unfitting armour, see invisible, herbivore 3, speed 3, slow metabolism 2
a: no special abilities


You escaped.
You were not hungry.

You visited 1 branch of the dungeon, and saw 2 of its levels.

You collected 81 gold pieces.

Inventory:

Hand Weapons
 a - a +1 dagger
 o - a cursed -2 dagger (weapon)
   (You found it on level 2 of the Dungeon)
Missiles
 l - 8 silver tomahawks (quivered)
 m - 10 poisoned needles
Armour
 b - a +1 robe (worn)
 n - a +0 buckler
   (You found it on level 2 of the Dungeon)
Scrolls
 g - a scroll of noise {unknown}
 h - a scroll of recharging {unknown}
 i - 3 scrolls of identify {unknown}
 j - a scroll of random uselessness {unknown}
 k - a scroll of teleportation {unknown}
Potions
 e - 2 potions of degeneration {unknown}
 f - a potion of curing {unknown}
Books
 c - a book of Maledictions
Comestibles
 d - 4 bread rations


   Skills:
 + Level 4.2 Short Blades
 - Level 3.0 Dodging
 - Level 4.4 Stealth
 - Level 2.6 Spellcasting
 - Level 3.6 Hexes


You couldn't memorise any spells.
You knew the following spells:

 Your Spells              Type           Power        Failure   Level  Hunger
a - Corona                Hex            ##.....      4%          1    #......
b - Tukima's Dance        Hex            ##......     14%         3    ###....
e - Confuse               Hex            ##......     14%         3    ###....


Dungeon Overview and Level Annotations

Branches:
Dungeon (2/15)

Altars:


Innate Abilities, Weirdness & Mutations

You are tiny and cannot use many weapons and most armour.
You have supernaturally acute eyesight.
You are a herbivore.
You cover ground extremely quickly.
You need consume almost no food.


Message History

* * * LOW HITPOINT WARNING * * *
You take 4 damage, and have 11/16 hp.
MASSIVE DAMAGE!!
You hit the adder. The adder barely misses you.
Unknown command.
You hit the adder.
The adder bites itself.
You hit the adder but do no damage. The adder completely misses you.
You hit the adder but do no damage. The adder closely misses you.
You hit the adder but do no damage.
You catch the helpless adder completely off-guard!
You puncture the adder!
You kill the adder!
Your Short Blades skill increases to level 4! 2 rats come into view.
You regained 3 hp, and now have 15/16 hp.
MP restored: 8 Unknown command.
You hit the rat. The rat bites you but does no damage.
You hit the rat.
You kill the rat!
The rat barely misses you.
You see here a rat corpse.
You hit the rat but do no damage. The rat bites you.
You take 1 damage, and have 14/16 hp.
You hit the rat. The rat bites you.
You take 1 damage, and have 13/16 hp.
You closely miss the rat. You hit the rat.
You kill the rat!
No target in view!
You see here a buckler.
n - a buckler You see here a glowing dagger.
o - a glowing dagger
d - 4 bread rations (gained 1) Wield which item (- for none, * to show all)? (? for menu, Esc to quit)
It sticks to your hand!
o - a cursed -2 dagger (weapon)
Unknown command.
You open the door.
There is an open door here.
You open the door.
There is an open door here.
A bat comes into view.
Health restored: 16 An ooze comes into view.
Unknown command.
An ooze is nearby!
You see here 26 stones.
You hit the ooze. The ooze misses you.
You hit the ooze. You hit the ooze. The ooze misses you.
You hit the ooze but do no damage. The ooze closely misses you.
You hit the ooze but do no damage. The ooze barely misses you.
You hit the ooze but do no damage. The ooze hits you.
You take 2 damage, and have 14/16 hp.
You barely miss the ooze. You hit the ooze but do no damage.
The ooze misses you.
You hit the ooze but do no damage. The ooze hits you.
You take 2 damage, and have 12/16 hp.
You hit the ooze. The ooze closely misses you.
You hit the ooze but do no damage. The ooze hits you.
* * * LOW HITPOINT WARNING * * *
You take 1 damage, and have 11/16 hp.
You hit the ooze but do no damage. You barely miss the ooze.
The ooze misses you.
You hit the ooze. The ooze hits you.
* * * LOW HITPOINT WARNING * * *
You take 2 damage, and have 9/16 hp.
You hit the ooze but do no damage.
The ooze jiggles.
The ooze misses you.
You hit the ooze but do no damage. The ooze completely misses you.
You hit the ooze. You hit the ooze but do no damage.
The ooze closely misses you.
You hit the ooze but do no damage. The ooze hits you but does no damage.
You hit the ooze but do no damage. The ooze misses you.
Okay, then.
You hit the ooze.
You kill the ooze!
Unknown command.
(D) Dungeon
Where to? (Enter - D:2, ? - help)
What level of the Dungeon? (default 1, ? - help)
A hobgoblin comes into view.
There is a stone staircase leading up here.
The hobgoblin shouts!
You climb upwards.
There is a stone staircase leading down here.
Unknown command.
There is a staircase leading out of the dungeon here.
Are you sure you want to leave the Dungeon?
This will make you lose the game! [Y]es or [N]o only, please.
Are you sure you want to leave the Dungeon?
This will make you lose the game! [Y]es or [N]o only, please.
Are you sure you want to leave the Dungeon?
This will make you lose the game!
Uppercase [Y]es or [N]o only, please.
Are you sure you want to leave the Dungeon?
This will make you lose the game!
You have escaped!

....).#######..######
#...).# ......#
♣♣..♣♣♣ #.#####
......# ♣...♣.♣ #.#
### ......# ♣♣♣♣..♣
#.# #.# ......#
♣>.♣♣♣♣ #.# #.#
......# ♣♣♣.♣.♣♣ #.##
#.# ......### ♣♣.♣.♣
#..# #)# ......'.#
♣...♣♣ ##.# #.##
......#.# ♣.@.♣ #.#
#... ........# ♣...♣♣
#.# #### ......###
♣..♣.♣ #.# ......#
♣♣.♣♣♣ #.# ......#
♣♣...♣ #.# #.....#
♣..♣.♣ #.######
#.....# ♣..♣♣♣
#......# ......#
♣♣♣..♣ ######.#
#.....# ♣..♣♣ #.#


There were no monsters in sight!

Vanquished Creatures
  Natasha (D:2)
  An adder (D:2)
  An ooze (D:2)
  A giant gecko (D:1)
  A giant cockroach (D:2)
  2 hobgoblins (D:1)
  A jackal (D:1)
  3 kobolds
  A quokka (D:2)
  3 bats (D:2)
  4 giant newts
  3 goblins
  6 rats
28 creatures vanquished.

Notes
Turn   | Place    | Note
--------------------------------------------------------------
     0 | D:1      | imoen the Spriggan Enchanter began the quest for the Orb.
     0 | D:1      | Reached XP level 1. HP: 9/9 MP: 5/5
   364 | D:1      | Reached skill level 2 in Short Blades
   388 | D:1      | Reached XP level 2. HP: 11/13 MP: 6/6
   842 | D:2      | Noticed Natasha
   846 | D:2      | Killed Natasha
   846 | D:2      | Reached skill level 3 in Short Blades
   846 | D:2      | Reached XP level 3. HP: 16/16 MP: 8/8
   854 | D:2      | Learned a level 3 spell: Tukima's Dance
   858 | D:2      | Learned a level 3 spell: Confuse
  1182 | D:2      | Reached skill level 4 in Short Blades
  1382 | D:$      | Got out of the dungeon alive.

Skill      XL: |  1  2  3 |
---------------+----------+-----
Short Blades   | 2 3 4 |  4.2
Dodging        | |  3.0
Stealth        | |  4.4
Spellcasting   | |  2.6
Hexes          | |  3.6

Action                   || total
-------------------------++-------
Melee: Dagger            ||   104
 Cast: Confuse           ||     1
 Stab: Sleeping          ||    12
       Confused          ||     1
Armor: Robe              ||     7
Dodge: Dodged            ||    46

Vault maps used:
D:1:      roderic_dead_forest
D:2:      first_bread, uniq_natasha

Table legend:
 A = Turns spent in this place as a percentage of turns spent in the entire game.
 B = Non-inter-level travel turns spent in this place as a percentage of non-inter-level travel turns spent in the entire game.
 C = Inter-level travel turns spent in this place as a percentage of turns spent in this place.
 D = Turns resting spent in this place as a percentage of non-inter-level travel turns spent in this place.
 E = Turns spent auto-exploring this place as a percentage of non-inter-level travel turns spent in this place.
 F = Non-inter-level travel turns spent in this place divided by the number of levels of this place that you've seen.
                   A       B       C       D       E      F
               +-------+-------+-------+-------+-------+----------------------
         Total | 100.0 | 100.0 |   0.7 |   0.0 |   7.9 | 209.5
       Dungeon | 100.0 | 100.0 |   0.7 |   0.0 |   7.9 | 209.5
               +-------+-------+-------+-------+-------+----------------------

Table legend:
 A = Kills in this place as a percentage of kills in entire the game.
 B = Kills by you in this place as a percentage of kills by you in the entire game.
 C = Kills by friends in this place as a percentage of kills by friends in the entire game.
 D = Other kills in this place as a percentage of other kills in the entire game.
 E = Experience gained in this place as a percentage of experience gained in the entire game.
 F = Experience gained in this place divided by the number of levels of this place that you have seen.
                   A       B       C       D       E      F
               +-------+-------+-------+-------+-------+----------------------
         Total | 100.0 | 100.0 |  -nan |  -nan | 100.0 |  45.5
       Dungeon | 100.0 | 100.0 |  -nan |  -nan | 100.0 |  45.5
               +-------+-------+-------+-------+-------+----------------------
